Unix NetHack Version 5.0.0-0 post-release - last build May 23 2026 06:08:33 (1c0ff79ee797540d5714e4e18072db0edd9e58ae,branch:main).

Game began 2026-05-28 06:37:07, ended 2026-05-28 06:50:16.

Atomicjoy, chaotic male elven Wizard

                           fq--
                           .q@|
                           f).-
                           %|)

Atomicjoy the Conjurer    St:9 Dx:16 Co:12 In:19 Wi:11 Ch:9  Chaotic
Dlvl:3  $:943 HP:0(25) Pw:11(31) AC:9  Xp:3/61 T:1292 

Latest messages:
 You kill the sewer rat!
 The sewer rat bites!
 You kill the sewer rat!
 You see here a sewer rat corpse.
 There is a sewer rat corpse here; eat it? [ynq] (n) y
 This sewer rat corpse is tough.
 You finish eating the sewer rat corpse.
 You don't have enough energy to cast that spell.
 You fail to cast the spell correctly.
 The grid bug bites!
 You get zapped!
 You kill the grid bug!
 You kill the grid bug!
 You fail to cast the spell correctly.
 You descend the stairs.
 The kitten misses the rothe.
 The rothe hits!
 The rothe bites!
 The rothe bites again!
 You hear some noises.
 In what direction? 7
 The spell hits the gnome!
 You kill the gnome!
 The kitten misses the rothe.
 The rothe hits!
 The rothe bites!
 The rothe bites again!
 The kitten misses the rothe.
 You climb up the stairs.
 A lit field surrounds you!
 You hear someone cursing shoplifters.
 You hear bubbling water.
 You descend the stairs.
 The kitten bites the rothe.
 The rothe hits!
 The rothe bites!
 The rothe bites again!
 Sqwert misses the rothe.
 The kitten bites the rothe.
 In what direction? 7
 The spell hits the rothe!
 The kitten misses the rothe.
 The rothe hits!
 The rothe bites!
 The rothe bites again!
 The rothe hits!
 The rothe bites!
 The rothe bites again!
 You die...
 Do you want your possessions identified? [ynq] (y) q

Inventory:
 Coins    ('$')
  $ - 943 gold pieces
 Amulets  ('"')
  z - an uncursed amulet of unchanging
 Weapons  (')')
  L - a +0 orcish dagger
  a - a blessed +1 quarterstaff (weapon in hands)
 Armor    ('[')
  b - an uncursed +0 cloak of magic resistance (being worn)
 Comestibles  ('%')
  r - an uncursed tin of boiled lichen
 Scrolls  ('?')
  H - an uncursed scroll of confuse monster
  i - 3 uncursed scrolls of destroy armor
  w - an uncursed scroll of enchant weapon
  j - an uncursed scroll of food detection
  q - a blessed scroll of gold detection
  K - an uncursed scroll of light
  x - an uncursed scroll of magic mapping
  A - an uncursed scroll of scare monster
  F - a blessed scroll of teleportation
 Potions  ('!')
  J - 3 uncursed potions of healing
  I - an uncursed potion of levitation
  u - a blessed potion of oil
  h - a blessed potion of restore ability
  G - an uncursed potion of sickness
  D - a blessed potion of sleeping
  g - an uncursed potion of sleeping
  f - an uncursed potion of water
 Rings    ('=')
  d - an uncursed +1 ring of adornment
  e - a blessed +3 ring of gain strength
  N - an uncursed ring of teleport control
 Wands    ('/')
  c - a wand of opening (0:8)
 Tools    ('(')
  n - an uncursed wooden flute
  m - a magic marker (0:22)
 Gems/Stones  ('*')
  o - an uncursed garnet stone
  E - 2 uncursed worthless pieces of orange glass

Atomicjoy the Wizard's attributes:

Background:
 You were a Conjurer, a level 3 male elven Wizard.
 You were chaotic, on a mission for Anhur
 who was opposed by Ptah (lawful) and Thoth (neutral).
 You were left-handed.
 You were in the Gnomish Mines, on level 3.
 You entered the dungeon 1292 turns ago.
 You had 61 experience points, 19 more were needed to attain level 4.

Basics:
 You had 0 out of 25 hit points.
 You had 11 out of 31 energy points (spell power).
 Your armor class was 9.
 Your wallet contained 943 zorkmids.
 Autopickup was off.

Final Characteristics:
 Your strength was 9 (limit:18).
 Your dexterity was 16 (limit:18).
 Your constitution was 12 (limit:16).
 Your intelligence was 19 (limit:20).
 Your wisdom was 11 (limit:20).
 Your charisma was 9 (limit:18).

Final Status:
 You weren't hungry.
 You were unencumbered.
 You were wielding a quarterstaff.
 You had basic skill with quarterstaff.

Final Attributes:
 You were devoutly aligned.
 You were magic-protected.
 You had infravision.
 You were warded.
 You are dead.

Miscellaneous:
 You encountered 1 bones level.
 Total elapsed playing time was 13 minutes and 6 seconds.

Major events:
 Turn
    1: Atomicjoy the chaotic male elven Wizard entered the dungeon
 1001: entered the Gnomish Mines
 1008: attained the rank of Conjurer (level 3)
 1292: killed by a rothe

Spells:
 Name                 Level Category     Fail Retention
 force bolt             1   attack         0%  91%-100%
 identify               3   divination    72%  76%-100%
 protection             1   clerical       0%  76%-100%
 cure blindness         2   healing       35%  76%-100%
 light                  1   divination     0%  76%-100%
 sleep                  3   enchantment    0%  91%-100%
 create familiar        6   clerical      98%  76%-100%

Skills:
 Fighting Skills
   bare handed combat [Unskilled]
   riding             [Unskilled]
 Weapon Skills
   dagger             [Unskilled]
   knife              [Unskilled]
   axe                [Unskilled]
   short sword        [Unskilled]
   club               [Unskilled]
   mace               [Unskilled]
   quarterstaff       [Basic]
   polearms           [Unskilled]
   spear              [Unskilled]
   trident            [Unskilled]
   sling              [Unskilled]
   dart               [Unskilled]
   shuriken           [Unskilled]
 Spellcasting Skills
   attack spells      [Basic]
   healing spells     [Unskilled]
   divination spells  [Unskilled]
   enchantment spells [Basic]
   clerical spells    [Unskilled]
   escape spells      [Unskilled]
   matter spells      [Unskilled]

Voluntary challenges:
 Character rerolling was not enabled.
 You never genocided any monsters.
 You never polymorphed an object.
 You never changed form.
 You used no wishes.
Achievements:
 You entered a shop.
 You entered the Gnomish Mines.
 You attained the rank of Conjurer.

 The Dungeons of Doom: levels 1 to 2
    Level 1:
    Level 2:
       A scroll shop, an altar, some fountains.
       Stairs down to The Gnomish Mines.
 The Gnomish Mines:
    Level 3: <- You were here.
       Final resting place for
          you, killed by a rothe,
          DosFlores-Wiz-Hum-Mal-Neu, killed by a rothe.


Vanquished creatures:
  a pony
  2 rothes
  2 gnomes
  3 jackals
  2 foxes
  2 goblins
  2 sewer rats
  2 grid bugs
  2 lichens
  a kobold zombie
  4 newts
23 creatures vanquished.

No species were genocided or became extinct.

Game over:
                       ----------
                      /          \
                     /    REST    \
                    /      IN      \
                   /     PEACE      \
                  /                  \
                  |    Atomicjoy     |
                  |      943 Au      |
                  |   killed by a    |
                  |      rothe       |
                  |                  |
                  |                  |
                  |       2026       |
                 *|     *  *  *      | *
        _________)/\\_//(\/(/\)/\//\/|_)_______

Goodbye Atomicjoy the Wizard...

You died in The Gnomish Mines on dungeon level 3 with 1193 points,
and 943 pieces of gold, after 1292 moves.
You were level 3 with a maximum of 25 hit points when you died.

